 Dungeon Crawl Stone Soup version 0.31-a0-152-g6aa68a64a1 (webtiles) character file.

Game seed: 2404915637268399742

195 qw the Shooter (level 5, -7/50 HPs)
             Began as a Naga Hunter on June 10, 2023.
             Mangled by an ice beast (10 damage)
             ... on level 3 of the Dungeon.
             The game lasted 00:00:43 (2541 turns).

qw the Shooter (Naga Hunter)                        Turns: 2541, Time: 00:00:43

Health: -7/50      AC:  4    Str: 14    XL:     5   Next: 74%
Magic:  5/5        EV:  9    Int:  9    God:
Gold:   202        SH:  0    Dex: 16    Spells: 4/4 levels left

rFire   . . .        Y - +1 shortbow
rCold   . . .        (shield currently unavailable)
rNeg    . . .        c - +0 leather armour
rPois   +            (no helmet)
rElec   .            (no cloak)
rCorr   .            f - +0 pair of gloves
SInv    +            (no barding)
Will    .....        (no amulet)
Stlth   ++           (no ring)
HPRegen 0.28/turn    (no ring)
MPRegen 0.09/turn

%: no passive effects
@: very slow
A: AC +1, large, see invisible, deformed body, poison resistance, slowness 2,
spit poison 1, naga tail 1
a: Spit Poison


You were on level 3 of the Dungeon.
You visited 1 branch of the dungeon, and saw 3 of its levels.

You collected 202 gold pieces.


Innate Abilities, Weirdness & Mutations

Your serpentine skin is tough. (AC +1)
You have supernaturally acute eyesight. (SInv)
Armour fits poorly on your strangely shaped body.
Your system is resistant to poisons. (rPois)
You cover ground very slowly.
You can spit poison.
You have a snake-like lower body.


   Skills:
 - Level 3.6 Fighting
 + Level 5.4 Ranged Weapons
 - Level 1.5 Dodging
 - Level 1.5 Stealth


You had 4 spell levels left.
You didn't know any spells.
Your spell library was empty.

Inventory:

Hand Weapons
 Y - a +1 shortbow (weapon)
Armour
 c - a +0 leather armour (worn)
 f - a +0 pair of gloves (worn)
Scrolls
 b - a scroll of blinking {unknown}
Potions
 a - a potion of heal wounds {unknown}
 d - a potion of curing {unknown}
 e - a potion of enlightenment {unknown}
 g - a potion of berserk rage {unknown}
 h - a potion of brilliance {unknown}
 i - a potion of attraction {unknown}
 j - a potion of mutation {unknown}

Dungeon Overview and Level Annotations

Branches:
Dungeon (3/15)

Altars:

Shops:
D:3 =[

Annotations:
D:2 1 runed translucent door, Crazy Yiuf


Message History

There is a fountain of clear blue water here.
An ice beast comes into view.
Enter note:
Enter note:
Enter note:
Enter note:
Enter note:
Enter note:
Enter note:
Enter note: You shoot an arrow.
The arrow completely misses the ice beast.
You shoot an arrow. The arrow closely misses the ice beast.
You shoot an arrow. The arrow hits the ice beast.
The ice beast is lightly wounded.
You shoot an arrow. The arrow barely misses the ice beast.
You shoot an arrow. The arrow closely misses the ice beast.
You shoot an arrow. The arrow barely misses the ice beast.
The ice beast hits you but does no damage.
You shoot an arrow.
The arrow hits the ice beast but does no damage.
The ice beast is lightly wounded.
The ice beast barely misses you. The ice beast hits you.
The ice beast freezes you!
You shoot an arrow.
The arrow completely misses the ice beast.
The ice beast hits you. The ice beast freezes you.
You shoot an arrow.
The arrow hits the ice beast but does no damage.
The ice beast is lightly wounded.
The ice beast hits you. The ice beast freezes you.
You shoot an arrow. The arrow closely misses the ice beast.
The ice beast completely misses you.
You shoot an arrow. The arrow hits the ice beast.
The ice beast is lightly wounded.
The ice beast hits you. The ice beast freezes you!
You shoot an arrow. The arrow hits the ice beast.
The ice beast is moderately wounded.
The ice beast hits you. The ice beast freezes you!
You die...

##.........###...............
#..........##############.#..
#..(.......'..............#).
#..........##############....
#.###.########## #......
........}.}...# ###.#.##.
#####.#..\.##+##### #...#..#.
#.##}.}.......# #...##.#.
#.####......@.# #...##.#. #.#
#......Y.# ###.##.## ..#
#........# #.##.# ###
#........# #.##.#
#...####.... #.##.# #...#
#...# #.##.## #...# #...#
#.##... #...# +#...#+
###.#####
##+###.....###.#.#..#


You could see an ice beast.

Vanquished Creatures
  A phantom (D:2)
  An iguana (D:3)
  3 adders
  2 dart slugs (D:1)
  5 orcs (D:3)
  4 bats
  10 endoplasms
  A giant cockroach (D:2)
  5 goblins
  6 hobgoblins
  2 quokkas
  3 ball pythons
  A frilled lizard (D:1)
  3 kobolds
  2 rats
49 creatures vanquished.

Notes
Turn   | Place    | Note
-------+----------+-------------------------------------------
     0 | D:1      | qw the Naga Hunter began the quest for the Orb.
     0 | D:1      | Reached XP level 1. HP: 19/19 MP: 1/1
     0 | D:1      | 0 ||| qw: Version: 0.2-a-29-g67ad517
     0 | D:1      | 0 ||| qw: Game counter: 3941
     0 | D:1      | 0 ||| qw: Always use a shield: true
     0 | D:1      | 0 ||| qw: God list: Okawaru
     0 | D:1      | 0 ||| qw: Allow faded altars: false
     0 | D:1      | 0 ||| qw: Do Orc after D:15 true
     0 | D:1      | 0 ||| qw: Do second Lair branch before Depths: true
     0 | D:1      | 0 ||| qw: Lair rune preference: random
     0 | D:1      | 0 ||| qw: Plans: Normal
     0 | D:1      | 0 ||| PLANNING D:1-11
    16 | D:1      | 16 ||| INVOKING Spit Poison.
    41 | D:1      | 41 ||| DROPPING scroll of butterflies.
    49 | D:1      | 49 ||| INVOKING Spit Poison.
    52 | D:1      | 52 ||| INVOKING Spit Poison.
    80 | D:1      | Reached skill level 4 in Ranged Weapons
    80 | D:1      | Reached XP level 2. HP: 26/26 MP: 2/2
   100 | D:1      | 100 ||| INVOKING Spit Poison.
   228 | D:1      | 228 ||| INVOKING Spit Poison.
   336 | D:1      | 336 ||| INVOKING Spit Poison.
   502 | D:1      | 502 ||| INVOKING Spit Poison.
   503 | D:1      | Reached XP level 3. HP: 32/32 MP: 3/3
   713 | D:1      | 713 ||| INVOKING Spit Poison.
   759 | D:1      | 759 ||| INVOKING Spit Poison.
  1006 | D:1      | 1006 ||| READING scroll labelled DAREREI DUTRAT.
  1007 | D:1      | 1007 ||| READING scroll labelled XICROXZ BOARET.
  1012 | D:1      | 1012 ||| READING scroll labelled TEADIUT CIUXU.
  1013 | D:1      | 1013 ||| READING scroll labelled PILIEKH ZAESEL.
  1044 | D:2      | 1044 ||| INVOKING Spit Poison.
  1107 | D:2      | 1107 ||| INVOKING Spit Poison.
  1226 | D:2      | Found a runed translucent door.
  1227 | D:2      | Noticed Crazy Yiuf
  1310 | D:2      | 1310 ||| INVOKING Spit Poison.
  1318 | D:2      | 1318 ||| INVOKING Spit Poison.
  1343 | D:2      | 1343 ||| INVOKING Spit Poison.
  1372 | D:2      | 1372 ||| INVOKING Spit Poison.
  1376 | D:2      | Reached skill level 5 in Ranged Weapons
  1376 | D:2      | Reached XP level 4. HP: 39/39 MP: 4/4
  1444 | D:2      | Noticed a phantom
  1457 | D:2      | Killed a phantom
  1458 | D:2      | Reached skill level 3 in Fighting
  1458 | D:2      | Reached XP level 5. HP: 16/50 MP: 5/5
  1749 | D:2      | 1749 ||| DROPPING +0 ring mail of poison resistance.
  1750 | D:2      | 1750 ||| UPGRADING to +0 pair of gloves.
  1755 | D:2      | 1755 ||| READING scroll labelled IPNUOGOBATS.
  1756 | D:2      | 1756 ||| READING scroll labelled ZOSOOBBALER.
  1864 | D:3      | 1864 ||| INVOKING Spit Poison.
  1893 | D:3      | 1893 ||| INVOKING Spit Poison.
  1899 | D:3      | 1899 ||| INVOKING Spit Poison.
  1902 | D:3      | 1902 ||| INVOKING Spit Poison.
  1906 | D:3      | 1906 ||| INVOKING Spit Poison.
  1975 | D:3      | 1975 ||| INVOKING Spit Poison.
  1981 | D:3      | Found Reaf's Antique Armour Emporium.
  1987 | D:3      | 1987 ||| SHOPLISTING masterwork leather armour (147 gold,
                  | have 146).
  1987 | D:3      | 1987 ||| SHOPLISTING runed hat (147 gold, have 146).
  1994 | D:3      | 1994 ||| INVOKING Spit Poison.
  2000 | D:3      | 2000 ||| INVOKING Spit Poison.
  2006 | D:3      | 2006 ||| INVOKING Spit Poison.
  2027 | D:3      | 2027 ||| INVOKING Spit Poison.
  2032 | D:3      | 2032 ||| INVOKING Spit Poison.
  2038 | D:3      | 2038 ||| INVOKING Spit Poison.
  2039 | D:3      | HP: 9/50 [iguana (9)]
  2040 | D:3      | 2040 ||| READING scroll of teleportation.
  2043 | D:3      | 2043 ||| INVOKING Spit Poison.
  2057 | D:3      | 2057 ||| INVOKING Spit Poison.
  2517 | D:3      | Found Xynliadu's Jewellery Boutique.
  2522 | D:3      | 2522 ||| SHOPLISTING +6 ring of dexterity (396 gold, have
                  | 202).
  2522 | D:3      | 2522 ||| SHOPLISTING +6 ring of strength (396 gold, have
                  | 202).
  2522 | D:3      | 2522 ||| SHOPLISTING ring of positive energy (220 gold,
                  | have 202).
  2529 | D:3      | Noticed an ice beast
  2540 | D:3      | HP: 5/50 [ice beast (12)]
  2541 | D:3      | Mangled by an ice beast

Levels and vault maps discovered:
D:1:      saegor_arrival_simple_a, layout_basic, serial_glass, glass_columns_b,
          glass_columns_a, st_stairs_5
D:2:      layout_basic, kennysheep_decorative_pillar, uniq_crazy_yiuf_cottage
D:3:      layout_basic, serial_shops, shop_statue, shop, shop_fountains,
          st_stairs_5, grunt_ministairs_6

Skill      XL: |  1  2  3  4 |
---------------+-------------+-----
Ranged Weapons | 4 5 |  5.4
Fighting       | 3 |  3.6
Dodging        | |  1.5
Stealth        | |  1.5

Action                     |  1- 3 |  4- 6 || total
---------------------------+-------+-------++-------
   Fire: Shortbow          |    55 |    64 ||   119
Ability: Spit Poison       |    15 |    14 ||    29
    Use: Scroll            |     4 |     3 ||     7
 Armour: Leather armour    |     1 |     8 ||     9
  Dodge: Dodged            |     8 |    17 ||    25

Table legend:
 A = Non-vault XP
 B = Vault XP
 C = Vault XP percentage of total XP
 D = Non-vault monster count
 E = Vault monster count
 F = Vault count percentage of total count
                 A         B        C        D         E       F
            +---------+---------+-------+---------+---------+-------
      Total |     253 |      26 |   9.3 |      41 |       8 |  16.3
            +---------+---------+-------+---------+---------+-------
        D:1 |      38 |       3 |   7.3 |      19 |       2 |   9.5
        D:2 |     155 |       0 |   0.0 |      12 |       0 |   0.0
        D:3 |      60 |      23 |  27.7 |      10 |       6 |  37.5
            +---------+---------+-------+---------+---------+-------
